 Dungeon Crawl Stone Soup version 0.19-a0-462-g6140235 (webtiles) character file.

4884 Ordine the Covert (level 10, -2/69 HPs)
             Began as an Octopode Transmuter on June 3, 2016.
             Was an Elder of Cheibriados.
             Slain by a troll (9 damage)
             ... on level 10 of the Dungeon.
             The game lasted 00:39:27 (13893 turns).

Ordine the Covert (Octopode Transmuter)            Turns: 13893, Time: 00:39:27

Health: -2/69      AC:  8    Str: 18    XL:     10   Next: 50%
Magic:  8/13       EV: 11    Int: 29    God:    Cheibriados [****..]
Gold:   151        SH:  0    Dex: 21    Spells: 3 memorised, 5 levels left

rFire  x . .     SeeInvis .       - Unarmed
rCold  + + +     Gourm    .     (shield currently unavailable)
rNeg   . . .     Faith    .     (helmet currently unavailable)
rPois  +         Spirit   .     (no amulet)
rElec  .         Dismiss  .     A - ring of protection from cold
rCorr  .         Reflect  .     v - ring of stealth
SustAt .         Harm     .     (no ring)
MR     .....                    (no ring)
Stlth  ++++++....               (no ring)
                                (no ring)
                                (no ring)
                                (no ring)

@: ice-form, very slightly contaminated, very slow, not resistant to hostile
enchantments, very stealthy
A: almost no armour, amphibious, 8 rings, (constrict 8), (camouflage 0),
(gelatinous body 0)
a: End Transformation, Bend Time, Temporal Distortion, Slouch, Renounce Religion


You were on level 10 of the Dungeon.
You worshipped Cheibriados.
Cheibriados was greatly pleased with you.
You were hungry.
You were a creature of crystalline ice.
You visited 2 branches of the dungeon, and saw 11 of its levels.

You collected 477 gold pieces.
You spent 326 gold pieces at shops.

Inventory:

Missiles
 a - 46 poisoned needles
Armour
 s - a +1 hat (melded)
Jewellery
 v - a ring of stealth (right front paw)
 A - a ring of protection from cold (left front paw)
Wands
 q - a wand of confusion (29/48)
Scrolls
 i - a scroll of immolation
 j - a scroll of amnesia
 p - 2 scrolls of enchant weapon
 u - a scroll of recharging
 w - a scroll of magic mapping
 E - a scroll of fear
 F - a scroll of teleportation
Potions
 d - 2 potions of brilliance
 e - 2 potions of lignification
 h - 3 potions of cancellation
 l - a potion of mutation
 n - 2 potions of ambrosia
 o - a potion of cure mutation {unknown}
 t - 2 potions of curing
 x - a potion of heal wounds
 B - 2 potions of haste {unknown}
Books
 b - a book of Changes

   Spells                             Type                      Level
   a - Beastly Appendage              Transmutation                1
   b - Sticks to Snakes               Transmutation                2
   c - Spider Form                    Transmutation/Poison         3
   d - Ice Form                       Ice/Transmutation            4
   e - Blade Hands                    Transmutation                5
 r - a book of the Warp

   Spells                             Type                      Level
   a - Recall                         Summoning/Translocation      3
   b - Gell's Gravitas                Hexes/Translocation          3
   c - Force Lance                    Conjuration/Translocation    4
   d - Warp Weapon                    Charms/Translocation         5
   e - Summon Forest                  Summoning/Translocation      5
 y - a book of the Dragon

   Spells                             Type                      Level
   a - Flame Tongue                   Conjuration/Fire             1
   b - Cause Fear                     Hexes                        4
   c - Bolt of Fire                   Conjuration/Fire             6
   d - Dragon Form                    Transmutation                7
   e - Dragon's Call                  Summoning                    9
 z - Sif Muna's Collected Works on Curses
   (You found it on level 7 of the Dungeon)

   Spells                             Type                      Level
   a - Corona                         Hexes                        1
Comestibles
 c - 7 bread rations
 g - 2 royal jellies
 k - 3 beef jerkies
 m - 3 meat rations
 C - 7 slices of pizza
 D - a chunk of flesh


   Skills:
 - Level 1.0 Fighting
 - Level 2.0 Dodging
 - Level 12.0 Stealth
 + Level 6.4 Unarmed Combat
 - Level 2.0 Spellcasting
 - Level 10.0 Transmutations
 - Level 5.0 Ice Magic


You had 5 spell levels left.
You knew the following spells:

 Your Spells              Type           Power        Failure   Level  Hunger
a - Spider Form           Tmut/Pois      ####......   3%          3    ###....
b - Ice Form              Ice/Tmut       #####...     4%          4    ####...
c - Corona                Hex            #......      10%         1    None


Dungeon Overview and Level Annotations

Branches:
Dungeon (10/15)            Temple (1/1) D:6
   Lair: D:8-11         Orc: D:9-12

Altars:
Ashenzari
Cheibriados
Dithmenos
Elyvilon
Fedhas
Gozag
Hepliaklqana
Kikubaaqudgha
Makhleb
Nemelex Xobeh
Okawaru
Pakellas
Qazlal
Ru
Sif Muna
Trog
Uskayaw
Vehumet
Xom
Yredelemnul
Zin
The Shining One

Shops:
D:4 *   D:6 %*   D:8 :


Innate Abilities, Weirdness & Mutations

You cannot wear most types of armour.
You are amphibious.
You can wear up to eight rings at the same time.
((You can use your tentacles to constrict eight enemies at once.))
((Your skin changes colour to match your surroundings (Stealth+).))
((Your rubbery body absorbs attacks. (AC +1)))


Message History

The troll is moderately wounded.
The troll bites you. The troll barely misses you. The troll claws you.
* * * LOW HITPOINT WARNING * * *
You hit the troll. You freeze the troll.
The troll is moderately wounded.
The troll bites you!
* * * LOW HITPOINT WARNING * * *
The troll closely misses you. The troll claws you.
* * * LOW HITPOINT WARNING * * *
You feel much better. The troll bites you!
* * * LOW HITPOINT WARNING * * *
The troll claws you.
* * * LOW HITPOINT WARNING * * *
The troll claws you but does no damage.
You punch the troll! You freeze the troll.
The troll is heavily wounded.
The troll bites you but does no damage. The troll claws you.
* * * LOW HITPOINT WARNING * * *
The troll claws you!
You die...

########## #........#
#.######.# #.# #.# #.#
#.# .########
#Y######.# ........#
#T#......#
........######.#.######
.....$..')..).>#.#
#######
....F...########.#
#....<# .)...F..# #.#
#.##### ........# #.#
#.# ...T....#####
#.######.#
............#
#........#


You could see a troll.

Vanquished Creatures
  Pikel (D:9)
  A two-headed ogre (D:9)
  A human (D:7)
  Eustachio (D:6)
  A hog (D:7)
  Menkaure (D:6)
  The ghost of Ordine the Sneak, an amateur OpTm (D:3)
  A sky beast (D:7)
  A wasp (D:9)
  3 ice beasts
  3 ogres
  2 phantoms
  A centaur (D:5)
  2 crocodiles
  Blork the orc (D:6)
  3 giant frogs
  A water moccasin zombie (D:8)
  3 scorpions
  A wyvern skeleton (D:7)
  5 wights (D:10)
  3 crimson imps
  A centaur zombie (D:6)
  A giant frog zombie (D:9)
  2 centaur skeletons
  A jelly (D:8)
  6 orc priests
  7 hounds
  A giant frog skeleton (D:5)
  Jessica (D:2)
  2 iguanas
  5 orc wizards
  9 worker ants
  3 sheep (D:7)
  2 hound zombies
  A worker ant zombie (D:6)
  4 gnolls (D:5)
  12 adders
  4 shadow imps
  An ooze (D:3)
  An adder zombie (D:9)
  2 adder skeletons
  3 worms
  3 dart slugs
  5 giant geckos
  45 orcs
  4 bats
  2 giant cockroaches
  8 goblins
  8 hobgoblins
  13 jackals
  5 kobolds
  3 quokkas
  3 ball pythons
  5 giant newts
  2 quokka skeletons (D:4)
  10 rats
222 creatures vanquished.

Vanquished Creatures (others)
  A giant frog skeleton (D:9)
  A hound (D:5)
2 creatures vanquished.

Grand Total: 224 creatures vanquished

Notes
Turn   | Place    | Note
--------------------------------------------------------------
     0 | D:1      | Ordine the Octopode Transmuter began the quest for the Orb.
     0 | D:1      | Reached XP level 1. HP: 13/13 MP: 3/3
   366 | D:1      | Reached XP level 2. HP: 13/18 MP: 5/5
   543 | D:1      | Reached skill level 1 in Stealth
  1274 | D:2      | Reached skill level 2 in Stealth
  1274 | D:2      | Reached XP level 3. HP: 14/23 MP: 6/6
  1293 | D:2      | Learned a level 3 spell: Spider Form
  1710 | D:2      | Found a hazy altar of Hepliaklqana.
  1872 | D:2      | Reached XP level 4. HP: 26/28 MP: 7/7
  1878 | D:2      | Learned a level 4 spell: Ice Form
  2143 | D:2      | Noticed Jessica
  2152 | D:2      | Killed Jessica
  2487 | D:3      | Reached skill level 1 in Ice Magic
  2615 | D:3      | Reached skill level 3 in Stealth
  2615 | D:3      | Reached XP level 5. HP: 23/33 MP: 8/8
  2725 | D:3      | Noticed Ordine's ghost (amateur OpTm)
  3473 | D:3      | Killed Ordine's ghost
  3473 | D:3      | Reached skill level 4 in Stealth
  3473 | D:3      | Reached skill level 5 in Transmutations
  3473 | D:3      | Reached XP level 6. HP: 12/38 MP: 3/9
  4926 | D:4      | Found a burning altar of Makhleb.
  4935 | D:4      | Reached skill level 5 in Stealth
  5148 | D:4      | Reached XP level 7. HP: 43/43 MP: 7/10
  5322 | D:4      | Found Puimaten's Assorted Antiques.
  5334 | D:4      | Bought an ivory wand for 132 gold pieces
  5334 | D:4      | Bought a scroll labeled ADERRUFAGE for 33 gold pieces
  5705 | D:4      | Bought a puce potion for 29 gold pieces
  5733 | D:5      | Entered Level 5 of the Dungeon
  6088 | D:5      | Reached skill level 6 in Stealth
  6208 | D:5      | Found an opulent altar of Gozag.
  6253 | D:5      | Found a shattered altar of Ashenzari.
  6848 | D:5      | Reached XP level 8. HP: 33/48 MP: 7/11
  7294 | D:4      | Bought a scroll labeled NUGEXTA VIELIR for 33 gold pieces
  7658 | D:6      | Noticed Eustachio
  7878 | D:6      | Killed Eustachio
  7878 | D:6      | Reached skill level 7 in Stealth
  7974 | D:6      | Noticed Blork the orc
  7976 | D:6      | Found Hereont's Food Shoppe.
  7995 | D:6      | Killed Blork the orc
  8179 | D:6      | Found a staircase to the Ecumenical Temple.
  8182 | D:6      | Found a shadowy altar of Dithmenos.
  8185 | Temple   | Entered the Ecumenical Temple
  8730 | Temple   | Became a worshipper of Cheibriados the Contemplative
  8955 | D:6      | Noticed Menkaure
  8956 | D:6      | Found a basalt altar of Yredelemnul.
  8968 | D:6      | Killed Menkaure
  9067 | D:6      | Found Zin's Purification Station.
  9069 | D:6      | Found a glowing silver altar of Zin.
  9751 | D:4      | Bought a scroll of remove curse for 99 gold pieces
 10000 | D:7      | Found an ancient bone altar of Kikubaaqudgha.
 10150 | D:7      | Found a radiant altar of Vehumet.
 10151 | D:7      | Found a deep blue altar of Sif Muna.
 10158 | D:7      | Identified Sif Muna's Collected Works on Curses
 10161 | D:7      | Learned a level 1 spell: Corona
 10214 | D:7      | Reached * piety under Cheibriados
 10214 | D:7      | Reached skill level 8 in Stealth
 10390 | D:7      | Reached XP level 9. HP: 40/53 MP: 6/12
 10631 | D:7      | Reached skill level 5 in Ice Magic
 11451 | D:7      | Reached ** piety under Cheibriados
 11483 | D:7      | Reached skill level 9 in Stealth
 12355 | D:8      | Found Nuthraud's Book Emporium.
 12713 | D:9      | Reached skill level 10 in Transmutations
 13014 | D:9      | Reached skill level 10 in Stealth
 13018 | D:9      | Reached *** piety under Cheibriados
 13081 | D:9      | Reached XP level 10. HP: 58/58 MP: 10/13
 13314 | D:9      | Reached skill level 11 in Stealth
 13368 | D:9      | Reached skill level 5 in Unarmed Combat
 13559 | D:9      | Reached **** piety under Cheibriados
 13627 | D:9      | Noticed Pikel
 13636 | D:9      | Killed Pikel
 13636 | D:9      | Reached skill level 12 in Stealth
 13792 | D:10     | Entered Level 10 of the Dungeon
 13891 | D:10     | HP: 3/69 [troll (3)]
 13893 | D:10     | Slain by a troll

Vault maps used:
D:1:      minmay_arrival_stair_chambers
D:2:      old_standard_altar, uniq_jessica
D:4:      overflow_temple_1_default, serial_shops, shop_fountains
D:5:      kennysheep_little_box, grunt_gozag_breadcrumbs, first_bread,
          minmay_tree_intersection
D:6:      zin_purify, lemuel_round_altar, grunt_dithmenos_smoke,
          minmay_temple_entry_overgrown, serial_shops, shop, uniq_eustachio,
          uniq_menkaure, uniq_blork_the_orc
D:7:      grunt_temple_overflow_magic_moments, grunt_livestock, corner_web_ring
D:8:      serial_shops, kennysheep_mini
D:9:      uniq_pikel
D:10:     enter_trove_2, grunt_pakellas_basics
Temple:   eino_temple_water_12

Skill      XL: |  1  2  3  4  5  6  7  8  9 10 |
---------------+-------------------------------+-----
Stealth        | 2 3 4 5 6 8 10 12 | 12.0
Transmutations | 3 4 5 6 8 10 | 10.0
Ice Magic      | 1 2 3 4 5 |  5.0
Unarmed Combat | 4 6 |  6.4
Fighting       | |  1.0
Dodging        | |  2.0
Spellcasting   | |  2.0

Action                   |  1- 3 |  4- 6 |  7- 9 | 10-12 || total
-------------------------+-------+-------+-------+-------++-------
Melee: Unarmed           |    85 |   161 |   398 |    90 ||   734
       Constrict         |    22 |    29 |    31 |     1 ||    83
       Tentacles         |    10 |    13 |    34 |     1 ||    58
       Punch             |       |     1 |     2 |       ||     3
 Cast: Spider Form       |     1 |     6 |     5 |       ||    12
       Ice Form          |       |       |    21 |    12 ||    33
 Abil: End Transformatio |     1 |       |       |       ||     1
  Use: Scroll            |    10 |     7 |     9 |       ||    26
       Potion            |       |     2 |       |     3 ||     5
 Stab: Sleeping          |     8 |     8 |    21 |     9 ||    46
       Distracted        |       |     1 |     1 |       ||     2
  Eat: Chunk             |     3 |    12 |    23 |     3 ||    41
       Beef jerky        |       |       |     2 |       ||     2
Armor: Skin              |     6 |     4 |    79 |    26 ||   115
Dodge: Dodged            |    53 |    90 |   193 |    46 ||   382
